Map: King's Cove LE

Players

LiquidSnute (Snute) - Winner!

  • Race: Zerg Zerg
  • League: Grandmaster
  • Spawn Location: 11:00

InZaNe

  • Race: Terran Terran
  • League: Grandmaster
  • Spawn Location: 5:00

Event: HomeStory Cup XIX

VOD

Have the link to the VOD?

Description

Time

  • Played on: June 27, 2019, 7:21 a.m.
  • Length: 14:36

All games in this series

Show
View Real Time Build Order
Export as new Build Order

LiquidSnute Zerg - Winner!

Build Orders: Pool First 

Get SALT Encoding   

  12  0:17  Spawning Pool  
  11  0:22  Drone  
  11  0:27  Drone  
  13  0:31  Drone  
  14  0:40  Overlord  
  14  1:04  Zergling x4, Queen  
  14  1:05  Zergling x2  
  19  1:16  Zergling x2  
  20  1:27  Drone  
  21  1:35  Hatchery  
  20  1:40  Drone  
  21  1:48  Overlord  
  21  2:00  Drone  
  21  2:10  Drone  
  21  2:12  Drone x3  
  24  2:20  Queen  
  24  2:23  Drone  
  25  2:43  Drone  
  26  2:44  Hatchery  
  26  2:49  Drone x2  
  27  2:53  Drone  
  27  2:54  Drone  
  29  3:02  Drone x2  
  31  3:06  Overlord  
  31  3:09  Drone  
  31  3:11  Drone  
  33  3:18  Drone x2  
  33  3:19  Drone  
  36  3:22  Overlord  
  36  3:24  Drone  
  37  3:27  Extractor  
  37  3:32  Drone x3  
  37  3:33  Extractor  
  38  3:34  Drone  
  38  3:36  Drone  
  40  3:43  Drone x2  
  40  3:44  Queen  
  44  3:52  Overlord  
  44  3:53  Drone  
  44  3:54  Drone  
  47  3:55  Drone  
  47  4:00  Drone  
  47  4:02  Overlord  
  48  4:03  Zergling x6  
  48  4:09  Queen  
  53  4:13  Metabolic Boost  
  53  4:17  Queen  
  53  4:20  Drone x2  
  57  4:24  Overlord  
  57  4:27  Drone x2  
  58  4:31  Queen  
  58  4:37  Drone, Baneling Nest  
  58  4:38  Drone  
  61  4:40  Drone  
  61  4:45  Drone x4  
  66  4:53  Zergling x10  
  66  4:57  Spore Crawler  
  70  5:06  Zergling x12  
  76  5:12  Drone  
  76  5:14  Lair, Spore Crawler  
  76  5:18  Drone x3  
  76  5:19  Drone  
  76  5:20  Drone  
  81  5:24  Overlord, Spore Crawler  
  81  5:25  Baneling  
  81  5:26  Baneling  
  80  5:29  Baneling x5  
  80  5:30  Baneling  
  77  5:43  Overlord  
  77  5:45  Drone x7  
  82  5:53  Overlord  
  82  5:55  Evolution Chamber x2  
  80  5:58  Drone x2  
  80  6:02  Extractor x2  
  80  6:06  Drone x7  
  87  6:11  Extractor  
  87  6:15  Zergling x2  
  84  6:19  Zergling x6  
  84  6:23  Baneling x2  
  84  6:24  Zergling x12  
  89  6:30  Zergling x2  
  89  6:33  Drone  
  89  6:39  Baneling x5  
  90  6:45  Hatchery  
  86  6:47  Zergling x2  
  86  6:48  Zergling x10  
  86  6:53  Zerg Ground Armor Level 1, Zerg Melee Weapons Level 1  
  92  6:54  Centrifical Hooks  
  92  6:56  Drone x4  
  92  6:59  Drone  
  97  7:03  Hatchery  
  96  7:09  Queen  
  96  7:13  Overlord x2  
  98  7:15  Overlord  
  98  7:16  Burrow  
  98  7:22  Baneling x12  
  98  7:26  Overlord  
  98  7:30  Queen  
  98  7:32  Zergling x16  
  98  7:35  Zergling x2  
  109  7:38  Zergling x6  
  109  7:40  Baneling x10  
  111  7:50  Zergling x8  
  115  7:52  Hatchery  
  114  7:59  Zergling x12  
  119  8:07  Zergling x4  
  121  8:14  Baneling x8  
  121  8:15  Baneling x11  
  121  8:18  Zergling x14  
  127  8:22  Baneling x3  
  127  8:24  Zergling x10  
  127  8:25  Queen x2  
  133  8:29  Zergling x8  
  133  8:30  Baneling x3  
  131  8:38  Zergling x14  
  131  8:40  Zergling x4  
  119  8:48  Drone x2  
  119  8:49  Drone x5  
  125  9:01  Drone x7  
  131  9:08  Zergling x6  
  124  9:11  Zergling x10  
  124  9:15  Zergling x2  
  122  9:17  Zergling x2  
  122  9:19  Zergling x8  
  122  9:23  Zergling x2  
  122  9:24  Zergling x2  
  120  9:27  Zergling x8  
  120  9:29  Zergling x2  
  123  9:37  Drone x4  
  125  9:43  Drone x5  
  128  9:50  Zerg Ground Armor Level 2, Zerg Melee Weapons Level 2  
  128  9:51  Zergling x8  
  132  9:54  Baneling x14  
  132  9:55  Baneling x4  
  132  9:56  Zergling x4  
  134  10:02  Zergling x8  
  134  10:05  Zergling x4  
  139  10:10  Zergling x4  
  139  10:11  Zergling x12  
  139  10:24  Zergling x18  
  139  10:28  Zergling x6  
  138  10:33  Zergling x4  
  131  10:36  Drone x5  
  131  10:42  Infestation Pit  
  133  10:48  Zergling x26  
  146  10:53  Zergling x2  
  146  10:55  Hatchery, Overlord x3  
  146  10:59  Baneling x5  
  146  11:00  Baneling x21, Overlord x2  
  146  11:01  Overlord  
  146  11:07  Zergling x2  
  146  11:11  Baneling x12  
  147  11:12  Baneling  
  147  11:18  Baneling x13  
  147  11:24  Baneling x11  
  147  11:26  Zergling x38  
  160  11:37  Zergling x24  
  160  11:39  Baneling x2  
  154  11:44  Zergling x20  
  157  11:49  Baneling x2  
  157  11:51  Zergling x18  
  166  12:00  Zergling x10  
  170  12:02  Zergling x2  
  170  12:04  Zergling x2  
  170  12:16  Zergling x6  
  170  12:17  Zergling x20  
  170  12:18  Baneling x3  
  170  12:20  Spore Crawler x2  
  170  12:21  Zergling x6  
  183  12:25  Baneling x33  
  183  12:27  Baneling  
  183  12:29  Baneling  
  182  12:31  Zergling x12  
  182  12:34  Baneling x3  
  182  12:48  Zergling x30  
  186  12:56  Zergling x8  
  177  13:01  Zergling x10  
  181  13:08  Zergling x20  
  180  13:13  Zergling x12  
  144  13:20  Zergling x6  
  144  13:23  Zergling x2, Queen x3  
  147  13:30  Zergling x10  
  151  13:34  Baneling x2  
  151  13:36  Hatchery  
  151  13:37  Zergling x12  
  156  13:42  Zergling x10  
  156  13:47  Baneling x35  
  161  13:52  Zergling x10  
  168  13:55  Zergling x4  
  168  13:58  Zergling x4  
  170  14:06  Zergling x4  
  170  14:07  Zergling x6  
  157  14:19  Zergling x6  
Show
View Real Time Build Order
Export as new Build Order

InZaNe Terran 

Build Orders: Reaper Expand 

Get SALT Encoding   

  12  0:01  SCV  
  13  0:13  SCV  
  14  0:18  Supply Depot  
  14  0:25  SCV  
  15  0:39  SCV  
  15  0:41  Barracks  
  16  0:45  Refinery  
  16  0:51  SCV  
  17  1:03  SCV  
  18  1:15  SCV  
  19  1:28  Orbital Command, Reaper  
  20  1:42  Command Center  
  20  1:52  Supply Depot  
  20  1:53  SCV  
  21  1:59  Marine  
  21  2:08  SCV  
  22  2:20  Barracks Reactor, SCV  
  22  2:25  Factory  
  22  2:32  SCV  
  23  2:38  Command Center  
  23  2:45  SCV  
  24  3:02  SCV  
  25  3:10  Command Center  
  25  3:11  Barracks Tech Lab  
  25  3:17  Hellion  
  25  3:19  Hellion  
  29  3:26  SCV, Supply Depot  
  30  3:34  Stimpack  
  30  3:39  SCV  
  31  3:48  Marine, Hellion x2  
  36  3:54  Orbital Command  
  36  3:57  SCV  
  37  4:08  Marine  
  41  4:10  SCV, Hellion  
  41  4:14  Hellion  
  43  4:21  SCV  
  43  4:22  SCV  
  46  4:28  Orbital Command  
  45  4:31  Marine, Armory  
  45  4:33  SCV  
  45  4:36  SCV  
  50  4:38  Hellion  
  50  4:40  Hellion  
  50  4:45  SCV  
  53  4:48  SCV  
  53  4:49  Marine  
  55  4:57  SCV  
  56  5:00  SCV x2  
  56  5:05  Hellion x2  
  62  5:07  Marine  
  62  5:09  SCV  
  62  5:12  Barracks, SCV  
  62  5:14  Barracks  
  65  5:16  SCV  
  66  5:21  SCV  
  66  5:22  Starport  
  66  5:24  SCV  
  66  5:27  Refinery  
  69  5:28  Refinery, SCV  
  69  5:35  Hellion x7  
  69  5:39  Combat Shield  
  69  5:45  Marine, SCV  
  69  5:47  Factory Tech Lab  
  69  5:51  SCV x2  
  69  5:53  Supply Depot  
  69  5:55  Supply Depot  
  71  5:58  Engineering Bay x2, SCV  
  71  6:00  Starport Reactor  
  71  6:01  Refinery  
  71  6:02  Barracks Reactor  
  71  6:03  Marine, SCV x2  
  75  6:06  Marine  
  75  6:07  Marine  
  77  6:15  SCV x3  
  80  6:21  Marine  
  80  6:24  Siege Tank, Marine  
  80  6:25  Marine  
  86  6:27  SCV  
  87  6:33  Terran Infantry Weapons Level 1  
  87  6:35  Barracks x2, Supply Depot  
  87  6:36  Supply Depot  
  87  6:39  Marine  
  88  6:41  SCV x2  
  88  6:42  Marine x2, SCV  
  93  6:50  Supply Depot  
  93  6:53  Terran Infantry Armor Level 1  
  93  6:56  Marine x3  
  93  6:57  SCV x3  
  93  6:59  Supply Depot  
  99  7:05  Marine  
  99  7:06  Marine  
  101  7:09  SCV x3  
  101  7:12  Medivac  
  101  7:14  Marine, Medivac  
  109  7:20  Marine x2  
  109  7:21  SCV x3  
  114  7:22  Barracks Reactor  
  114  7:25  Supply Depot  
  114  7:27  Marine x2  
  116  7:30  Barracks Reactor  
  116  7:31  Supply Depot  
  116  7:32  Supply Depot  
  116  7:33  SCV x3  
  116  7:35  Marine  
  116  7:36  Command Center  
  120  7:38  Marine x2  
  120  7:39  Refinery x2  
  122  7:44  Supply Depot  
  122  7:45  Supply Depot  
  122  7:47  Medivac x2  
  126  7:52  Marine  
  126  7:53  SCV x2  
  126  7:57  SCV  
  130  7:58  Factory  
  130  8:00  Marine  
  130  8:01  Marine x2, Supply Depot  
  130  8:04  Marine  
  133  8:05  SCV  
  133  8:08  Marine x2  
  133  8:10  Terran Vehicle Weapons Level 1  
  135  8:16  Marine x3  
  138  8:22  Marine x4  
  138  8:25  Siege Tank, Marine x2  
  112  8:42  Marine x5  
  112  8:43  Factory Tech Lab, Marine  
  112  8:46  Marine  
  112  8:47  Marauder, Supply Depot  
  115  8:50  Marine  
  116  8:58  SCV x3  
  116  8:59  Marine  
  116  9:00  Marine x4  
  116  9:01  Marine  
  125  9:04  Marine  
  125  9:05  Siege Tank  
  125  9:08  Marine x2  
  115  9:10  SCV  
  115  9:11  SCV  
  109  9:17  Marine x3  
  109  9:18  Marine x2  
  109  9:19  Marine  
  109  9:22  Marine  
  114  9:26  Marine x2  
  114  9:29  Terran Infantry Armor Level 2, SCV x2  
  116  9:35  Marine x5  
  116  9:36  Marine  
  120  9:38  SCV  
  120  9:40  Marine  
  120  9:41  SCV x2  
  120  9:43  Marine  
  120  9:44  Siege Tank x2, Marauder  
  128  9:50  Medivac x2  
  132  9:53  Marine x5  
  132  9:54  Marine, Planetary Fortress  
  132  9:58  Marine  
  139  10:03  Barracks  
  139  10:04  Barracks  
  139  10:05  Barracks, Marauder  
  141  10:09  Marine  
  141  10:11  Marine x2  
  144  10:15  Sensor Tower  
  144  10:20  Medivac  
  142  10:27  Marauder, Engineering Bay x2  
  138  10:29  Marine x5  
  138  10:33  Marine x3  
  138  10:34  Siege Tank  
  134  10:37  SCV x2  
  136  10:44  Supply Depot  
  136  10:45  Supply Depot x2  
  136  10:46  Supply Depot  
  136  10:47  Marine x5  
  136  10:48  Marauder  
  144  10:51  Marine x3, Barracks Tech Lab x2  
  144  10:56  Terran Infantry Weapons Level 2  
  146  11:00  Siege Tank  
  149  11:05  Marine  
  149  11:07  Sensor Tower  
  149  11:09  Marauder, Marine x3, Command Center  
  149  11:10  Marine x2  
  157  11:14  Marine x5  
  162  11:23  Siege Tank  
  162  11:25  Marine  
  166  11:27  Marine x3  
  166  11:31  Marauder  
  165  11:32  Marauder x2  
  165  11:34  Marine  
  154  11:40  Marine x4  
  154  11:42  Marine  
  154  11:45  Marine x3, Terran Infantry Armor Level 3  
  156  11:52  Marauder  
  156  11:53  Siege Tank  
  156  11:54  Marauder x2  
  165  11:55  Siege Tank  
  168  12:05  Marine x2  
  168  12:06  Concussive Shells  
  168  12:08  Marine x7  
  171  12:14  Marauder  
  171  12:15  Marine, Marauder  
  179  12:22  Supply Depot  
  179  12:23  Marine x2  
  179  12:25  Siege Tank, Marine  
  179  12:26  Marine x3  
  179  12:27  Siege Tank  
  188  12:31  Marine  
  188  12:32  Marine x2  
  188  12:33  Marine  
  188  12:34  Marine  
  188  12:36  Marine  
  194  12:40  Marine x2  
  194  12:43  Marine  
  194  12:44  Marine x3  
  196  12:49  Marine x3  
  184  12:51  Marauder  
  184  12:52  Marine  
  184  12:54  Marine  
  184  12:57  Siege Tank  
  171  12:58  Marine x2  
  171  12:59  Siege Tank  
  171  13:01  Marine x3  
  179  13:10  Marine  
  179  13:11  Marauder  
  163  13:16  Marine x5  
  163  13:17  Marine x2  
  163  13:19  Marine x3, SCV  
  119  13:20  SCV x2  
  109  13:28  Marine  
  109  13:31  Marine  
  109  13:32  SCV x3  
  114  13:34  Marine x7  
  114  13:40  Marine  
  122  13:44  SCV x2, Medivac x2  
  122  13:45  Marine x3  
  131  13:49  Command Center, Planetary Fortress  
  131  13:50  Marauder  
  131  13:52  Marine x2  
  135  14:03  Barracks Tech Lab  
  135  14:06  Marine  
  135  14:07  Marine x7  
  135  14:10  Marine x2  
  135  14:13  SCV x3  
Tags
 
Add a new tag
Caveats
  • Supply blocks, unpowered buildings, or Contaminate may cause inaccurate times.
  • Supply counts are checked every 10 seconds.